 Dungeon Crawl Stone Soup version 0.29.1-1-gd02db6906a (webtiles) character file.

Game seed: 1252987247077419668

105 fireball365 the Poker (level 4, -8/40 HPs)
             Began as a Minotaur Fighter on Oct 16, 2022.
             Was an Initiate of Nemelex Xobeh.
             Mangled by a small abomination (17 damage)
             ... created by the touch of Lugonu
             ... on level 3 of the Dungeon.
             The game lasted 00:08:07 (2271 turns).

fireball365 the Poker (Minotaur Fighter)            Turns: 2271, Time: 00:08:07

Health: -8/40      AC:  9    Str: 21    XL:     4   Next: 54%
Magic:  3/3        EV:  9    Int:  5    God:    Nemelex Xobeh [......]
Gold:   53         SH:  4    Dex: 11    Spells: 3/3 levels left

rFire   . . .      SeeInvis .   a - +0 trident
rCold   . . .      Faith    .   c - +0 buckler
rNeg    . . .      Spirit   .   b - +0 scale mail
rPois   .          Reflect  .   (helmet restricted)
rElec   .          Harm     .   k - +0 cloak
rCorr   .          Rampage  +   (no gloves)
Will    .....                   f - +0 pair of boots {rampage}
Stlth   ..........              (no amulet)
HPRegen 0.13/turn               (no ring)
MPRegen 0.08/turn               (no ring)

@: no status effects
A: horns 2, retaliatory headbutt
a: Renounce Religion, Draw Escape, Draw Destruction, Draw Summoning


You were on level 3 of the Dungeon.
You worshipped Nemelex Xobeh.
Nemelex Xobeh was noncommittal.
You visited 1 branch of the dungeon, and saw 3 of its levels.

You collected 53 gold pieces.

Inventory:

Hand Weapons
 a - a +0 trident (weapon)
Missiles
 j - a boomerang (quivered)
 p - 7 stones
 q - 5 poisoned darts
Armour
 b - a +0 scale mail (worn)
 c - a +0 buckler (worn)
 f - a +0 pair of boots of rampaging (worn)
 k - a +0 cloak (worn)
 n - the +1 pair of boots "Dojimmena" {-Tele rC+++ Dex-5 Stlth+}
   (You found it on level 2 of the Dungeon)

   Dex:       It affects your dexterity (-5).
   rC:        It renders you almost immune to cold.
   -Tele:     It prevents most forms of teleportation.
   Stlth:     It makes you more stealthy.
Scrolls
 g - a scroll of amnesia {unknown}
 i - a scroll of identify {unknown}
 l - a scroll of teleportation {unknown}
 m - a scroll of fear {unknown}
Potions
 d - a potion of might
 e - 2 potions of curing {unknown}
 h - a potion of mutation {unknown}
 o - a potion of lignification {unknown}
 r - a potion of haste {unknown}


   Skills:
 + Level 4.2 Fighting
 * Level 4.4 Polearms
 + Level 4.2 Armour
 + Level 1.0 Dodging
 + Level 0.2 Stealth
 + Level 3.9 Shields


You had 3 spell levels left.
You didn't know any spells.
Your spell library contained the following spells:

 Spells                   Type           Power      Damage    Failure   Level
 Apportation              Tloc           0%         N/A       88%         1
 Confusing Touch          Hex            0%         N/A       99%         3
 Yara's Violent Unravell  Hex/Tmut       0%         3d3       100%        5
 Enfeeble                 Hex            0%         N/A       100%        7


Dungeon Overview and Level Annotations

Branches:
Dungeon (3/15)

Altars:
Hepliaklqana
Nemelex Xobeh
Wu Jian
Lugonu


Innate Abilities, Weirdness & Mutations

You have a pair of horns on your head.
You reflexively headbutt those who attack you in melee.


Message History

Found a hazy altar of Hepliaklqana.
No target in view!
Lugonu's wrath scatters you! Lugonu sends minions to punish you.
The divine experience confuses you!
You are confused. 2 small abominations come into view.
You bump into the rock wall.
The small abomination hits you!
The small abomination barely misses you.
You bump into the rock wall.
The small abomination hits you but does no damage. x2
You hit the small abomination but do no damage.
You feel less confused.
You block the small abomination's attack.
The small abomination barely misses you.
You puncture the small abomination!
The small abomination is moderately damaged.
You block the small abomination's attack.
The small abomination hits you but does no damage.
You puncture the small abomination!
Your headbutt misses the small abomination.
The small abomination is severely damaged.
The small abomination barely misses you.
The small abomination hits you. x2
You hit the small abomination but do no damage.
The small abomination is severely damaged.
The small abomination hits you but does no damage. x2
You hit the small abomination but do no damage.
The small abomination is severely damaged.
The small abomination hits you.
* * * LOW HITPOINT WARNING * * *
The small abomination barely misses you.
You hit the small abomination.
The small abomination is severely damaged.
You block the small abomination's attack.
The small abomination closely misses you.
You barely miss the small abomination.
The small abomination is severely damaged.
The small abomination hits you!
You die...
Your body disappears without a glow. §... .# .#§. .# PP...

##.### ..P##.... .....#
... #...# <..
########...# #.###
.......xx..# ##...
.......@...# ...
....###.###.# #.# ###
##.## #.# ####.### #.##
#.# .....†.# #.# ...
#...##.#####.#.## #.#.
#...##........#.## #.#
#...##.########..###.#
#†..##.##...⌠##.#...###


You could see 2 small abominations.

Vanquished Creatures
  An orc wizard (D:2)
  2 adders
  2 worms (D:2)
  A dart slug (D:2)
  3 orcs (D:2)
  5 endoplasms
  3 giant cockroaches (D:2)
  9 hobgoblins
  2 quokkas
  7 ball pythons
  4 bats
  3 frilled lizards
  3 goblins
  3 kobolds
  2 rats (D:1)
50 creatures vanquished.

Vanquished Creatures (others)
  3 plants
3 creatures vanquished.

Grand Total: 53 creatures vanquished

Notes
Turn   | Place    | Note
-------+----------+-------------------------------------------
     0 | D:1      | fireball365 the Minotaur Fighter began the quest for the
                  | Orb.
     0 | D:1      | Reached XP level 1. HP: 19/19 MP: 0/0
   429 | D:1      | Reached XP level 2. HP: 26/27 MP: 1/1
   992 | D:1      | Found a faded altar of an unknown god.
  1019 | D:1      | Got Plato's Anthology of the Compass
  1024 | D:1      | Prayed at the altar of an unknown god.
  1024 | D:1      | Became a worshipper of Lugonu the Unformed
  1024 | D:1      | Reached * piety under Lugonu
  1024 | D:1      | Reached ** piety under Lugonu
  1346 | D:2      | Found an ornate altar of the Wu Jian Council.
  1398 | D:2      | Fell from the grace of Lugonu
  1398 | D:2      | Became a worshipper of the Wu Jian Council
  1513 | D:2      | Reached XP level 3. HP: 27/33 MP: 2/2
  1680 | D:2      | Reached XP level 4. HP: 40/40 MP: 3/3
  1774 | D:2      | Identified the +1 pair of boots "Dojimmena" {-Tele rC+++
                  | Dex-5 Stlth+}
  2231 | D:3      | Reached skill level 1 in Dodging
  2235 | D:3      | Found a sparkling altar of Nemelex Xobeh.
  2241 | D:3      | Fell from the grace of Wu Jian
  2241 | D:3      | Became a worshipper of Nemelex Xobeh the Trickster
  2259 | D:3      | Found a hazy altar of Hepliaklqana.
  2271 | D:3      | Mangled by a small abomination

Illustrated notes

Levels and vault maps discovered:
D:1:      dpeg_arrival_pits, layout_basic, shapermc_ecumenical_altar_rom_forum
D:2:      layout_rooms, basic_altar
D:3:      layout_loops_ring, mainiacjoe_overflow_alcove_2,
          nicolae_hepliaklqana_hazy_memory, grunt_dithmenos_smoke,
          chequers_jeans

Skill      XL: |  1  2  3  4 |
---------------+-------------+-----
Armour         | 4 |  4.2
Polearms       | 3 4 |  4.4
Fighting       | 4 |  4.2
Dodging        | 1 |  1.0
Stealth        | |  0.2
Shields        | |  3.9

Action                   |  1- 3 |  4- 6 || total
-------------------------+-------+-------++-------
Melee: Trident           |    79 |    50 ||   129
       Headbutt          |    12 |     1 ||    13
Armor: Scale mail        |    41 |    54 ||    95
Dodge: Dodged            |    47 |    28 ||    75
Block: Buckler           |    22 |    17 ||    39
